 Dungeon Crawl Stone Soup version 0.28-a0-657-g71136c5590 (webtiles) character file.

Game seed: 7278454843161161514

35 lawman0 the Covert (level 3, -1/35 HPs)
             Began as a Gnoll Delver on Oct 13, 2021.
             Slain by an ogre (6 damage)
             ... on level 5 of the Dungeon.
             The game lasted 00:00:24 (258 turns).

lawman0 the Covert (Gnoll Delver)                    Turns: 258, Time: 00:00:25

Health: -1/35      AC:  3    Str: 11    XL:     3   Next: 33%
Magic:  4/4        EV: 13    Int: 10    God:
Gold:   10         SH:  0    Dex: 13    Spells: 3/3 levels left

rFire   . . .      SeeInvis .   a - +0 falchion
rCold   . . .      Faith    .   (no shield)
rNeg    . . .      Spirit   .   b - +0 leather armour
rPois   .          Reflect  .   (no helmet)
rElec   .          Harm     .   (no cloak)
rCorr   .          Rampage  .   (no gloves)
Will    .....                   (no boots)
Stlth   ++++......              (no amulet)
HPRegen 0.11/turn               (no ring)
MPRegen 0.09/turn               (no ring)

@: no status effects
A: fangs 1, strong nose, distributed training
a: no special abilities


You were on level 5 of the Dungeon.
You visited 1 branch of the dungeon, and saw 1 of its levels.

You collected 10 gold pieces.

Inventory:

Hand Weapons
 a - a +0 falchion (weapon)
Armour
 b - a +0 leather armour (worn)
Wands
 g - a wand of digging (3)
Scrolls
 c - a scroll of fog
 d - a scroll of blinking {unknown}
 e - a scroll of fear
 i - a scroll of enchant armour {unknown}
Potions
 f - a potion of haste
 h - a potion of flight {unknown}


   Skills:
 + Level 6.5 Fighting
 + Level 0.7 Short Blades
 + Level 4.5 Long Blades
 + Level 0.7 Axes
 + Level 0.7 Maces & Flails
 + Level 0.7 Polearms
 + Level 0.7 Staves
 + Level 0.7 Slings
 + Level 0.7 Bows
 + Level 0.7 Crossbows
 + Level 0.7 Throwing
 + Level 0.7 Armour
 + Level 4.5 Dodging
 + Level 9.5 Stealth
 + Level 0.7 Shields
 + Level 0.7 Unarmed Combat
 + Level 0.7 Spellcasting
 + Level 0.5 Conjurations
 + Level 0.5 Hexes
 + Level 0.5 Summonings
 + Level 0.5 Necromancy
 + Level 0.5 Translocations
 + Level 0.5 Transmutations
 + Level 0.5 Fire Magic
 + Level 0.5 Ice Magic
 + Level 0.5 Air Magic
 + Level 0.5 Earth Magic
 + Level 0.5 Poison Magic
 + Level 0.9 Invocations
 + Level 0.7 Evocations


You had 3 spell levels left.
You didn't know any spells.
Your spell library was empty.

Dungeon Overview and Level Annotations

Branches:
Dungeon (5/15)
 Temple: D:4-7

Altars:


Innate Abilities, Weirdness & Mutations

You have very sharp teeth.
Your uncanny sense of smell can sniff out nearby items.
Your experience applies equally to all skills.


Message History

You start resting.
HP restored.
d - a scroll labelled IHEAQUI LUCISAWI
Found a scroll labelled TEPTIUXT GAASK.
Found 14 stones and 10 gold pieces.
Found a fuming ruby potion.
i - a scroll labelled TEPTIUXT GAASK You now have 10 gold pieces.
A dart slug comes into view.
The helpless dart slug fails to defend itself.
You slash the dart slug!
You kill the dart slug!
No target in view!
An ogre comes into view. It is wielding a +0 giant club.
The ogre shouts!
You hit the ogre.
The ogre is moderately wounded.
The ogre hits you with a +0 giant club!
Your leather armour prevents you from hitting the ogre.
The ogre is moderately wounded.
The ogre barely misses you.
You hit the ogre.
The ogre is heavily wounded.
The ogre hits you with a +0 giant club!
* * * LOW HITPOINT WARNING * * *
You barely miss the ogre.
The ogre is heavily wounded.
The ogre hits you with a +0 giant club.
* * * LOW HITPOINT WARNING * * *
Unknown command.
You hit the ogre.
The ogre is heavily wounded.
Unknown command.
You hit the ogre. You bite the ogre, but do no damage.
The ogre is heavily wounded.
The ogre barely misses you.
You hit the ogre but do no damage.
The ogre is heavily wounded.
The ogre hits you with a +0 giant club.
You die...

#....#####*######*,,,,,,
####.#......##......,,,∩,,*
#(.....####.#...#...***,*** ###
#.#..####...........,**,***
#.###.#.###...#.........,,*,**,
#..##.#.#...###.>.......,,*,**,
###.....#...#############.,,*,*,,
#....#.######...........*****,<,,
#.##.###!.......@.......,,,,****,
#.####...........O......,,,,*,,**
#.##..........#########.,,,,*,,,,
#.#........####,,,,,,,***,,**,,,,
#...(....###,,,,,,∆,,,,,,,,*,,,,,
#........#,,,,,,,∆,∆,,,,,,,*,,,,,
##.......#,,,,,,,,∆,,,,,,***,,,,,
##.....##,,***,,,,,,,****,,,,,,,
##....#,,,,,*********,,,,,,,,,,


You could see an ogre.

Vanquished Creatures
  A bullfrog zombie (D:5)
  A dart slug (D:5)
2 creatures vanquished.

Notes
Turn   | Place    | Note
-------+----------+-------------------------------------------
     0 | D:5      | Reached skill level 9 in Stealth
     0 | D:5      | lawman0 the Gnoll Delver began the quest for the Orb.
     0 | D:5      | Reached XP level 1. HP: 23/23 MP: 1/1
    36 | D:5      | Reached XP level 2. HP: 12/29 MP: 1/3
    36 | D:5      | Reached XP level 3. HP: 14/35 MP: 1/4
   248 | D:5      | Noticed an ogre
   258 | D:5      | Slain by an ogre

Illustrated notes

Levels and vault maps discovered:
D:5:      kennysheep_spiral_hall, layout_rooms, serial_shops, shop,
          minmay_misc_feat_roman, nicolae_specific_store

Skill      XL: | |
---------------+-+-----
Stealth        | |  9.5
Fighting       | |  6.5
Short Blades   | |  0.7
Long Blades    | |  4.5
Axes           | |  0.7
Maces & Flails | |  0.7
Polearms       | |  0.7
Staves         | |  0.7
Slings         | |  0.7
Bows           | |  0.7
Crossbows      | |  0.7
Throwing       | |  0.7
Armour         | |  0.7
Dodging        | |  4.5
Shields        | |  0.7
Unarmed Combat | |  0.7
Spellcasting   | |  0.7
Conjurations   | |  0.5
Hexes          | |  0.5
Summonings     | |  0.5
Necromancy     | |  0.5
Translocations | |  0.5
Transmutations | |  0.5
Fire Magic     | |  0.5
Ice Magic      | |  0.5
Air Magic      | |  0.5
Earth Magic    | |  0.5
Poison Magic   | |  0.5
Invocations    | |  0.9
Evocations     | |  0.7

Action                   || total
-------------------------++-------
Melee: Falchion          ||    19
       Bite              ||     1
  Use: Scroll            ||     1
 Stab: Sleeping          ||     2
Armor: Leather armour    ||     4
Dodge: Dodged            ||     7

Table legend: (Time is in decaauts)
 A = Elapsed time spent in this place.
 B = Non-inter-level travel time spent in this place.
 C = Inter-level travel time spent in this place.
 D = Time resting spent in this place.
 E = Time spent auto-exploring this place.
 F = Levels seen in this place.
 G = Mean time per level.
                   A        B        C        D        E       F      G
               +--------+--------+--------+--------+--------+-----+--------+
         Total |    259 |    259 |      0 |    186 |     14 |   1 |  259.0 |
       Dungeon |    259 |    259 |      0 |    186 |     14 |   1 |  259.0 |
               +--------+--------+--------+--------+--------+-----+--------+

Top non-repeatable levels by time:
     D:5: 259 daAuts
